 Dungeon Crawl Stone Soup version 0.30-a0-1124-g6e8f0f562f (webtiles) character file.

Game seed: 13009809209533802162

8297 jasper the Skirmisher (level 11, 0/58 HPs)
             Began as a Spriggan Hunter on Apr 23, 2023.
             Was a Believer of Okawaru.
             Killed from afar by a deep elf pyromancer (17 damage)
             ... with a bolt of fire
             ... on level 12 of the Dungeon.
             The game lasted 00:18:33 (10974 turns).

jasper the Skirmisher (Spriggan Hunter)            Turns: 10974, Time: 00:18:33

Health: 0/58       AC: 13    Str: 11    XL:     11   Next: 8%
Magic:  13/14      EV: 20    Int: 11    God:    Okawaru [**....]
Gold:   512        SH:  0    Dex: 19    Spells: 10/10 levels left

rFire   . . .        a - +0 shortbow (flame)
rCold   . . .        (shield currently unavailable)
rNeg    . . .        z - +0 swamp dragon scales
rPois   +            s - +1 hat
rElec   .            (no cloak)
rCorr   .            (gloves unavailable)
SInv    +            (boots unavailable)
Will    +....        j - amulet of the acrobat
Stlth   ++++++       o - ring of poison resistance
HPRegen 0.29/turn    q - +4 ring of protection
MPRegen 0.14/turn

%: acrobat
@: heroic, invisible, very quick
A: very small, no large weapons, unfitting armour, see invisible, speed 3
a: Renounce Religion, Heroism


You were on level 12 of the Dungeon.
You worshipped Okawaru.
Okawaru was pleased with you.
You visited 2 branches of the dungeon, and saw 13 of its levels.

You collected 512 gold pieces.

Inventory:

Hand Weapons
 a - a +0 shortbow of flaming (weapon)
 B - a +1 arbalest
Armour
 c - a +0 robe
 s - a +1 hat (worn)
 z - +0 swamp dragon scales (worn)
 C - +0 acid dragon scales
Jewellery
 j - an amulet of the acrobat (around neck)
 k - a ring of fire
 o - a ring of poison resistance (left hand)
 q - a +4 ring of protection (right hand)
 x - a ring of magical power
Wands
 u - a wand of polymorph (15)
 v - a wand of charming (6)
Scrolls
 f - 2 scrolls of teleportation
 r - 2 scrolls of identify
 D - a scroll of immolation
Potions
 d - 3 potions of haste
 e - a potion of degeneration
 g - 7 potions of curing
 h - a potion of might
 i - 3 potions of mutation
 m - 4 potions of brilliance
 n - 2 potions of flight
 p - 3 potions of heal wounds {unknown}
 t - 2 potions of attraction {unknown}
 A - a potion of lignification {unknown}


   Skills:
 + Level 7.0(12.0) Fighting
 * Level 12.5(17.5) Ranged Weapons
 - Level 2.6(7.6) Dodging
 - Level 11.6(16.6) Stealth
 - Level 3.0 Invocations
 - Level 6.0 Evocations


You had 10 spell levels left.
You didn't know any spells.
Your spell library contained the following spells:

 Spells                   Type           Power      Damage    Failure   Level
 Beastly Appendage        Tmut           0%         N/A       61%         1
 Necrotise                Necr           0%         1d4       61%         1
 Cigotuvi's Dreadful Rot  Necr/Pois/Air  0%         N/A       75%         2
 Wereblood                Tmut           0%         N/A       75%         2
 Dazzling Flash           Conj/Hex       0%         N/A       93%         3
 Ignite Poison            Fire/Tmut/Pois 0%         N/A       93%         3
 Portal Projectile        Hex/Tloc       0%         N/A       93%         3
 Spider Form              Tmut/Pois      0%         N/A       93%         3
 Vampiric Draining        Necr           0%         2d6       93%         3
 Volatile Blastmotes      Fire/Tloc      0%         2d10      93%         3
 Iskenderun's Mystic Bla  Conj/Tloc      0%         2d3       100%        4
 Leda's Liquefaction      Hex/Erth       0%         N/A       100%        4
 Agony                    Necr           0%         N/A       100%        5
 Blade Hands              Tmut           0%         N/A       100%        5
 Freezing Cloud           Conj/Ice/Air   0%         6-21      100%        5
 Lee's Rapid Deconstruct  Erth           0%         3d4*      100%        5
 Conjure Ball Lightning   Conj/Air       0%         3x3d6     100%        6
 Starburst                Conj/Fire      0%         6d3       100%        6
 Statue Form              Tmut/Erth      0%         N/A       100%        6
 Discord                  Hex            0%         N/A       100%        8
 Disjunction              Tloc           0%         N/A       100%        8
 Tukima's Dance           Hex            Unusable   N/A       N/A         3

Dungeon Overview and Level Annotations

Branches:
Dungeon (12/15)            Temple (1/1) D:7
   Lair: D:8-11         Orc: D:9-12

Altars:
Ashenzari
Cheibriados
Dithmenos
Elyvilon
Fedhas
Gozag
Hepliaklqana
Kikubaaqudgha
Okawaru
Qazlal
Ru
Sif Muna
Trog
Uskayaw
Vehumet
Wu Jian
Xom
Yredelemnul
Zin
The Shining One

Shops:
D:5 (

Annotations:
D:3 3 runed translucent doors, KarmaticGoose's ghost, amateur DsNe
D:9 exclusion: acid dragon
D:11 Snorg


Innate Abilities, Weirdness & Mutations

You are very small and have problems with some larger weapons.
You are too small for most types of armour.
You have supernaturally acute eyesight. (SInv)
You cover ground extremely quickly. (Speed+++)


Message History

The arrow burns the deep elf pyromancer.
The deep elf pyromancer is heavily wounded.
The deep elf pyromancer hits you but does no damage.
Fire: a) +0 shortbow (flame)
Press: ? - help, Q - select action, (/) - cycle Shift-Dir - straight line, f/p - deep elf pyromancer
Aim: a deep elf pyromancer, wielding a +0 dagger and wearing a +0 chain mail (heavily wounded, unable to see you, 71% to hit)
You shoot an arrow.
The arrow closely misses the deep elf pyromancer.
The deep elf pyromancer points at you and mumbles some strange words.
The bolt of fire misses you.
Fire: a) +0 shortbow (flame)
Press: ? - help, Q - select action, (/) - cycle Shift-Dir - straight line, f/p - deep elf pyromancer
Aim: a deep elf pyromancer, wielding a +0 dagger and wearing a +0 chain mail (heavily wounded, unable to see you, 71% to hit)
You shoot an arrow. The arrow hits the deep elf pyromancer.
The arrow burns the deep elf pyromancer.
The deep elf pyromancer is severely wounded.
The deep elf pyromancer drinks a potion.
The deep elf pyromancer is healed!
Fire: a) +0 shortbow (flame)
Press: ? - help, Q - select action, (/) - cycle Shift-Dir - straight line, f/p - deep elf pyromancer
Aim: a deep elf pyromancer, wielding a +0 dagger and wearing a +0 chain mail (heavily wounded, unable to see you, 71% to hit)
You shoot an arrow. The arrow hits the deep elf pyromancer.
The arrow burns the deep elf pyromancer.
The deep elf pyromancer is severely wounded.
The deep elf pyromancer closely misses you.
Fire: a) +0 shortbow (flame)
Press: ? - help, Q - select action, (/) - cycle Shift-Dir - straight line, f/p - deep elf pyromancer
Aim: a deep elf pyromancer, wielding a +0 dagger and wearing a +0 chain mail (severely wounded, unable to see you, 71% to hit)
You shoot an arrow.
The arrow hits the deep elf pyromancer but does no damage.
The deep elf pyromancer is severely wounded.
Fire: a) +0 shortbow (flame)
Press: ? - help, Q - select action, (/) - cycle Shift-Dir - straight line, f/p - deep elf pyromancer
Aim: a deep elf pyromancer, wielding a +0 dagger and wearing a +0 chain mail (severely wounded, unable to see you, 71% to hit)
You shoot an arrow. The arrow hits the deep elf pyromancer!
The arrow burns the deep elf pyromancer.
The deep elf pyromancer is almost dead.
The deep elf pyromancer points at you and mumbles some strange words.
The bolt of fire hits you!
You die...

#..# #.## ##.# # #..# #
##'######## #
#......)..# .. #
#.........######....
#####.........##.e......
....#.......<.##@#
###.+..[......'..# #
###.........#### #
########### # # # #


You could see a deep elf pyromancer (unable to see you).

Vanquished Creatures
  Gastronok (D:11)
  A boulder beetle (D:11)
  A two-headed ogre (D:10)
  Sonja (D:11)
  A skeletal warrior (D:10)
  Joseph (D:10)
  Maggie (D:7)
  2 trolls (D:12)
  Sigmund (D:2)
  2 wyverns
  A steam dragon (D:8)
  2 water moccasins
  An acid dragon (D:9)
  An ice beast (D:5)
  2 orc warriors
  An ogre (D:5)
  2 centaurs
  2 phantoms
  A kobold brigand (D:10)
  2 bullfrogs
  A scorpion (D:5)
  15 wights
  9 killer bees
  2 howler monkeys
  A hound (D:5)
  A jelly (D:4)
  6 orc priests
  A gnoll bouda (D:4)
  4 iguanas
  10 orc wizards
  2 sleepcaps
  4 gnolls (D:4)
  3 adders
  2 white imps
  3 worms
  3 dart slugs
  39 orcs
  6 ball pythons
  3 endoplasms
  4 giant cockroaches
  3 goblins
  8 hobgoblins
  3 jackals (D:5)
  A quokka (D:1)
  4 bats
  4 frilled lizards
  17 kobolds
  6 rats
192 creatures vanquished.

Vanquished Creatures (collateral kills)
  An orc priest (D:10)
  An orc (D:10)
2 creatures vanquished.

Vanquished Creatures (others)
  5 fungi (D:4)
5 creatures vanquished.

Grand Total: 199 creatures vanquished

Notes
Turn   | Place    | Note
-------+----------+-------------------------------------------
     0 | D:1      | jasper the Spriggan Hunter began the quest for the Orb.
     0 | D:1      | Reached XP level 1. HP: 10/10 MP: 2/2
   174 | D:1      | Reached XP level 2. HP: 14/14 MP: 3/3
   231 | D:1      | Found a faded altar of an unknown god.
   602 | D:1      | Reached XP level 3. HP: 18/18 MP: 4/4
   792 | D:2      | Reached skill level 5 in Ranged Weapons
  1497 | D:2      | Noticed Sigmund
  1529 | D:2      | Killed Sigmund
  1530 | D:2      | Reached skill level 6 in Ranged Weapons
  1530 | D:2      | Reached XP level 4. HP: 11/23 MP: 5/5
  1530 | D:2      | Reached XP level 5. HP: 12/27 MP: 6/6
  1993 | D:3      | Found a runed translucent gate.
  1994 | D:3      | Found a runed translucent gate.
  1994 | D:3      | Identified the +8 short sword of Boffe {vamp, Fly rF- rN+
                  | Str+6}
  1995 | D:3      | Found a runed translucent gate.
  1998 | D:3      | Noticed KarmaticGoose's ghost (amateur DsNe)
  2049 | D:3      | Reached XP level 6. HP: 6/32 MP: 7/7
  3175 | D:4      | Reached skill level 5 in Stealth
  3570 | D:5      | Entered Level 5 of the Dungeon
  3651 | D:5      | Found Ramareor's Weapon Boutique.
  3663 | D:5      | Noticed an ice beast
  3676 | D:5      | Reached XP level 7. HP: 35/36 MP: 8/8
  3703 | D:5      | Reached skill level 7 in Ranged Weapons
  3991 | D:5      | Found a glowing golden altar of the Shining One.
  4520 | D:6      | Found a broken altar of Ashenzari.
  4621 | D:6      | Reached skill level 8 in Ranged Weapons
  4621 | D:6      | Reached XP level 8. HP: 42/42 MP: 9/9
  5652 | D:8      | Reached skill level 9 in Ranged Weapons
  6071 | D:8      | Reached skill level 5 in Fighting
  6071 | D:8      | Reached XP level 9. HP: 35/47 MP: 10/10
  6447 | D:9      | Reached skill level 10 in Ranged Weapons
  6778 | D:9      | Reached skill level 10 in Stealth
  7083 | D:10     | Entered Level 10 of the Dungeon
  7370 | D:10     | Noticed a skeletal warrior
  7514 | D:10     | Killed a skeletal warrior
  7515 | D:10     | Reached skill level 11 in Ranged Weapons
  7611 | D:10     | Noticed a two-headed ogre
  7668 | D:10     | Killed a two-headed ogre
  7669 | D:10     | Reached XP level 10. HP: 23/53 MP: 11/11
  7803 | D:10     | Noticed Joseph
  7815 | D:10     | Killed Joseph
  8036 | D:10     | Noticed a skeletal warrior
  8036 | D:10     | Noticed a skeletal warrior
  8036 | D:10     | Noticed a skeletal warrior
  8856 | D:7      | Noticed Maggie
  8865 | D:7      | Killed Maggie
  9134 | D:7      | Found a staircase to the Ecumenical Temple.
  9158 | Temple   | Entered the Ecumenical Temple
  9228 | Temple   | Became a worshipper of Warmaster Okawaru
  9263 | D:7      | Reached skill level 1 in Evocations
  9460 | D:9      | Reached skill level 1 in Invocations
  9919 | D:11     | Noticed a two-headed ogre
  9926 | D:11     | Noticed Snorg
 10140 | D:11     | Noticed Sonja
 10147 | D:11     | Killed Sonja
 10147 | D:11     | Reached * piety under Okawaru
 10148 | D:11     | Reached skill level 5 in Evocations
 10202 | D:11     | Noticed Gastronok
 10226 | D:11     | Killed Gastronok
 10226 | D:11     | Reached ** piety under Okawaru
 10227 | D:11     | Reached skill level 12 in Ranged Weapons
 10428 | D:11     | Noticed a boulder beetle
 10465 | D:11     | Killed a boulder beetle
 10466 | D:11     | Reached XP level 11. HP: 58/58 MP: 14/14
 10874 | D:11     | Noticed a two-headed ogre
 10956 | D:12     | Noticed a deep elf pyromancer
 10974 | D:12     | Killed from afar by a deep elf pyromancer

Illustrated notes

Levels and vault maps discovered:
D:1:      shiori_arrival_maze, layout_loops_cross,
          hellmonk_ecumenical_altar_lost_god, minivault_4
D:2:      layout_basic, uniq_sigmund
D:3:      layout_basic, biasface_ghost_orc_armoury
D:4:      layout_basic, serial_aquarium, aquarium_bridge_island_small
          [aquarium_subvault_small_water, aquarium_subvault_bridge,
          aquarium_subvault_bridge, aquarium_subvault_wall,
          aquarium_subvault_balcony], aquarium_window_2, aquarium_window_2,
          aquarium_window_fake, aquarium_view_2e, aquarium_balcony_5a,
          aquarium_pool_double
D:5:      layout_cave_pools, lemuel_doored_altar, serial_shops,
          nicolae_diamond_shop, kb_lookout_dungeons_type
D:6:      layout_loops_cross, ashenzari_altar_1, glass_columns_b
D:7:      layout_basic, minmay_temple_entry_mist, uniq_maggie
D:8:      layout_rooms
D:9:      layout_loops_ring
D:10:     layout_loops_ring, uniq_joseph
D:11:     layout_big_octagon, david_lair_shrubbed, serial_shops,
          nicolae_shop_behind_doors, uniq_gastronok, uniq_sonja, uniq_snorg
D:12:     layout_roguey, david_orc_4, serial_curves, eino_curves_01,
          eino_curves_04
Temple:   nicolae_temple_bog_church

Skill      XL: |  1  2  3  4  5  6  7  8  9 10 11 |
---------------+----------------------------------+-----
Ranged Weapons | 6 8 9 11 12 | 12.5
Stealth        | 4 5 6 9 11 | 11.6
Fighting       | 2 3 5 6 7 |  7.0
Evocations     | 6 |  6.0
Invocations    | 3 |  3.0
Dodging        | |  2.6

Action                     |  1- 3 |  4- 6 |  7- 9 | 10-12 || total
---------------------------+-------+-------+-------+-------++-------
   Fire: Shortbow          |   100 |   169 |   439 |   190 ||   898
  Throw: Dart              |       |       |       |     3 ||     3
 Invoke: Heroism           |       |       |       |     2 ||     2
  Evoke: Wand              |       |       |     8 |    18 ||    26
    Use: Scroll            |       |     9 |     4 |     9 ||    22
         Potion            |       |       |       |     3 ||     3
 Armour: Robe              |     6 |     6 |    21 |       ||    33
         Swamp dragon scal |       |       |       |    35 ||    35
  Dodge: Dodged            |    24 |    28 |    62 |   123 ||   237

Table legend: (Time is in decaauts)
 A = Elapsed time spent in this place.
 B = Non-inter-level travel time spent in this place.
 C = Inter-level travel time spent in this place.
 D = Time resting spent in this place.
 E = Time spent auto-exploring this place.
 F = Levels seen in this place.
 G = Mean time per level.
                   A        B        C        D        E       F      G
               +--------+--------+--------+--------+--------+-----+--------+
         Total |   8080 |   7627 |    453 |    894 |   4801 |  13 |  621.5 |
       Dungeon |   8021 |   7576 |    445 |    894 |   4762 |  12 |  668.4 |
        Temple |     59 |     52 |      7 |      0 |     39 |   1 |   59.0 |
               +--------+--------+--------+--------+--------+-----+--------+

Top non-repeatable levels by time:
    D:10: 1157 daAuts
     D:7: 948 daAuts
     D:9: 920 daAuts
     D:3: 819 daAuts
     D:5: 732 daAuts
     D:2: 721 daAuts
     D:8: 537 daAuts
     D:6: 491 daAuts
     D:1: 489 daAuts
     D:4: 463 daAuts
    D:11: 389 daAuts
    D:12: 351 daAuts
  Temple: 59 daAuts
